 Dungeon Crawl Stone Soup version 0.30-a0-1035-g38d5fb2972 (webtiles) character file.

Game seed: 1363737870637838334

77 Lobster4 the Digger (level 4, 0/41 HPs)
             Began as a Troll Earth Elementalist on Apr 8, 2023.
             Slain by a gnoll
             ... wielding a +0 flail
              (10 damage)
             ... on level 1 of the Dungeon.
             The game lasted 00:03:28 (1148 turns).

Lobster4 the Digger (Troll Earth Elementalist)      Turns: 1148, Time: 00:03:28

Health: 0/41       AC:  4    Str: 16    XL:     4   Next: 13%
Magic:  2/5        EV: 10    Int: 13    God:
Gold:   40         SH:  0    Dex: 10    Spells: 2/5 levels left

rFire   . . .      SeeInvis .    (no weapon)
rCold   . . .      Faith    .    (no shield)
rNeg    . . .      Spirit   .    a - +0 robe
rPois   .          Reflect  .    (helmet restricted)
rElec   .          Rampage  .    (no cloak)
rCorr   .                        (gloves unavailable)
Will    .....                    (boots unavailable)
Stlth   +                        (no amulet)
HPRegen 1.06/turn                (no ring)
MPRegen 0.09/turn                (no ring)

@: no status effects
A: large, unfitting armour, claws 3, regeneration 1, shaggy fur 1, tough skin 1
a: no special abilities


You were on level 1 of the Dungeon.
You visited 1 branch of the dungeon, and saw 2 of its levels.

You collected 40 gold pieces.

Inventory:

Hand Weapons
 d - a +0 whip
Missiles
 c - 6 datura-tipped darts
Armour
 a - a +0 robe (worn)
Scrolls
 e - 2 scrolls of identify {unknown}
 f - a scroll of fog {unknown}
 g - a scroll of butterflies {unknown}
 h - a scroll of fear {unknown}
 i - a scroll of torment {unknown}
 j - a scroll of vulnerability {unknown}
Potions
 b - a potion of magic


   Skills:
 + Level 1.0 Fighting
 + Level 1.0 Maces & Flails
 + Level 0.7 Throwing
 + Level 0.6 Armour
 + Level 1.9 Dodging
 - Level 1.0 Stealth
 + Level 0.9 Unarmed Combat
 + Level 1.4 Spellcasting
 - Level 1.0 Transmutations
 + Level 2.9 Earth Magic


You had 2 spell levels left.
You knew the following spells:

 Your Spells              Type           Power      Damage    Failure   Level
a - Sandblast             Erth           16%        2d6       8%          1
b - Passwall              Tmut/Erth      5%         N/A       19%         2

Your spell library contained the following spells:

 Spells                   Type           Power      Damage    Failure   Level
 Stone Arrow              Conj/Erth      8%         3d7       41%         3
 Petrify                  Tmut/Erth      6%         N/A       75%         4
 Conjure Ball Lightning   Conj/Air       0%         3x3d6     100%        6
 Discord                  Hex            0%         N/A       100%        8
 Disjunction              Tloc           0%         N/A       100%        8


Dungeon Overview and Level Annotations

Branches:
Dungeon (2/15)

Altars:

Annotations:
D:2 Jessica


Innate Abilities, Weirdness & Mutations

You are too large for most types of armour.
You have claws for hands.
Your natural rate of healing is unusually fast.
You are covered in fur. (AC +1)
You have tough skin. (AC +1)


Message History

The gnoll is lightly wounded.
The gnoll closely misses you. The gnoll barely misses you.
You scratch the gnoll but do no damage.
The gnoll is lightly wounded.
The gnoll barely misses you.
You closely miss the gnoll.
The gnoll is lightly wounded.
The gnoll closely misses you.
You closely miss the gnoll.
The gnoll is lightly wounded.
The gnoll barely misses you.
You barely miss the gnoll. Your claw misses the gnoll.
The gnoll is lightly wounded.
The gnoll hits you with a +0 flail!
You scratch the gnoll.
The gnoll is moderately wounded.
You barely miss the gnoll.
The gnoll is moderately wounded.
The gnoll hits you with a +0 flail.
You barely miss the gnoll.
The gnoll is moderately wounded.
The gnoll hits you with a +0 flail.
You scratch the gnoll but do no damage.
The gnoll is moderately wounded.
The gnoll hits you with a +0 flail.
* * * LOW HITPOINT WARNING * * *
You scratch the gnoll.
The gnoll is heavily wounded.
The gnoll completely misses you.
You barely miss the gnoll.
The gnoll is heavily wounded.
The gnoll hits you with a +0 flail.
* * * LOW HITPOINT WARNING * * *
You barely miss the gnoll.
The gnoll is heavily wounded.
The gnoll hits you but does no damage.
You scratch the gnoll. You claw the gnoll.
The gnoll is severely wounded.
The gnoll hits you with a +0 flail!
You die...

# # ###### ##...#
##...#####################
#........................#
.........###############.#
#.######.#.....g.........#######
..#....#.#......@..............##
..#.##.#.#.................#.....
..#.##.#.#.......###...###...#.##
..#.##.#.#.......# #...# #.......
..#.##.#.#.......###...###.#.#.##
..#.##.#.#.#'#.............#.....
..#.##.#.#.#.#..............####.
..#.##.#.#.#.#.#.................
..#..#.#.#.......###...###.#.....


You could see a gnoll.

Vanquished Creatures
  5 gnolls
  A dart slug (D:2)
  2 ball pythons (D:1)
  2 endoplasms (D:1)
  A giant cockroach (D:1)
  3 goblins (D:1)
  3 hobgoblins
  A bat (D:2)
  2 frilled lizards (D:1)
  4 kobolds
  2 rats (D:1)
26 creatures vanquished.

Notes
Turn   | Place    | Note
-------+----------+-------------------------------------------
     0 | D:1      | Lobster4 the Troll Earth Elementalist began the quest for
                  | the Orb.
     0 | D:1      | Reached XP level 1. HP: 16/16 MP: 1/1
   439 | D:1      | Reached XP level 2. HP: 24/24 MP: 2/2
   475 | D:1      | Learned a level 2 spell: Passwall
   881 | D:2      | Noticed Jessica
   884 | D:2      | Identified the +1 leather armour of Syrph {rPois rCorr}
   899 | D:1      | Reached skill level 1 in Transmutations
   899 | D:1      | Reached XP level 3. HP: 32/32 MP: 1/4
   933 | D:2      | Identified the +0 leather armour of the Morning {Dex+4}
  1050 | D:2      | Reached skill level 1 in Maces & Flails
  1088 | D:2      | Reached skill level 1 in Fighting
  1088 | D:2      | Reached XP level 4. HP: 31/41 MP: 1/5
  1148 | D:1      | Slain by a gnoll

Illustrated notes

Levels and vault maps discovered:
D:1:      psy_arrival_basics, layout_basic, hex_intersection,
          minmay_misc_feat_cross
D:2:      layout_basic, serial_shops, nicolae_shop_waterfront,
          minmay_misc_feat_hallway, uniq_jessica

Skill      XL: |  1  2  3 |
---------------+----------+-----
Transmutations | 1 |  1.0
Maces & Flails | 1 |  1.0
Fighting       | 1 |  1.0
Throwing       | |  0.7
Armour         | |  0.6
Dodging        | |  1.9
Stealth        | |  1.0
Unarmed Combat | |  0.9
Spellcasting   | |  1.4
Earth Magic    | |  2.9

Action                     |  1- 3 |  4- 6 || total
---------------------------+-------+-------++-------
  Melee: Unarmed           |    57 |    12 ||    69
         Punch             |       |     1 ||     1
   Cast: Sandblast         |    17 |     4 ||    21
   Stab: Sleeping          |     1 |       ||     1
 Armour: Robe              |     9 |     1 ||    10
  Dodge: Dodged            |    30 |     8 ||    38

Table legend: (Time is in decaauts)
 A = Elapsed time spent in this place.
 B = Non-inter-level travel time spent in this place.
 C = Inter-level travel time spent in this place.
 D = Time resting spent in this place.
 E = Time spent auto-exploring this place.
 F = Levels seen in this place.
 G = Mean time per level.
                   A        B        C        D        E       F      G
               +--------+--------+--------+--------+--------+-----+--------+
         Total |   1158 |   1113 |     45 |     21 |    757 |   2 |  579.0 |
       Dungeon |   1158 |   1113 |     45 |     21 |    757 |   2 |  579.0 |
               +--------+--------+--------+--------+--------+-----+--------+

Top non-repeatable levels by time:
     D:1: 868 daAuts
     D:2: 289 daAuts
